 Dungeon Crawl Stone Soup version 0.23-a0-483-g32a748b514 (webtiles) character file.

530215 Flugkiller the Slayer (level 26, 0/296 HPs)
             Began as an Ogre Air Elementalist on Nov 28, 2018.
             Was a High Priest of Sif Muna.
             Splashed with acid (10 damage)
             ... on level 4 of the Pits of Slime on Nov 30, 2018.
             The game lasted 03:29:20 (93574 turns).

Flugkiller the Slayer (Ogre Air Elementalist)      Turns: 93574, Time: 03:29:20

Health: 0/296      AC:  4    Str: 19    XL:     26   Next: 19%
Magic:  6/40       EV: 28    Int: 27    God:    Sif Muna [*****.]
Gold:   3381       SH: 31    Dex: 11    Spells: 4/51 levels left

rFire    + . .     SeeInvis .   r - staff of air
rCold    . . .     Gourm    .   H - +18 shield of the Gong {rElec rN+ MR+ EV-5}
rNeg     + + .     Faith    .   Z - +8 fire dragon scales
rPois    +         Spirit   .   y - +2 hat {Int+3}
rElec    +         Reflect  .   I - +2 cloak {rPois}
rCorr    .         Harm     .   (gloves unavailable)
MR       +++..                  (boots unavailable)
Stlth    ..........             a - amulet of the acrobat
HPRegen  0.59/turn              W - +5 ring of evasion
MPRegen  0.27/turn              p - ring "Pukk" {Ice rN+ Dex+2 Slay+2}

@: corroded, acrobat, divine energy
A: large, unfitting armour, rugged brown scales 1, blurry vision 2, sense
surroundings 1, screaming 2, tough skin 1
}: 2/15 runes: serpentine, barnacled
a: Stop Divine Energy, Channel Magic, Forget Spell, Renounce Religion


You were on level 4 of the Pits of Slime.
You worshipped Sif Muna.
Sif Muna was extremely pleased with you.
You were not hungry.

You visited 9 branches of the dungeon, and saw 48 of its levels.
You also visited: Labyrinth and Desolation.

You collected 5619 gold pieces.
You spent 2238 gold pieces at shops.

Inventory:

Hand Weapons
 E - a +2 dagger of pain
   (You found it on level 7 of the Dungeon)
Armour
 y - a +2 hat of intelligence (worn)
   (You acquired it on level 3 of the Lair of Beasts)
 H - the +18 shield of the Gong (worn) {rElec rN+ MR+ EV-5}
   (You took it off a deep elf annihilator on level 3 of the Elven Halls)

   It affects your evasion (-5).
   It insulates you from electricity.
   It protects you from negative energy.
   It affects your resistance to hostile enchantments.
 I - a +2 cloak of poison resistance (worn)
   (You took it off a draconian stormcaller on level 5 of the Depths)
 Z - +8 fire dragon scales (worn)
   (You bought it in a shop on level 15 of the Dungeon)
Magical Staves
 r - an uncursed staff of air (weapon)
   (You found it on level 7 of the Dungeon)
Jewellery
 a - an amulet of the acrobat (around neck)
   (You found it on level 7 of the Dungeon)
 p - the ring "Pukk" (right hand) {Ice rN+ Dex+2 Slay+2}
   (You took it off a merfolk on level 4 of the Shoals)

   [ring of ice]

   It enhances your ice magic.
   It affects your dexterity (+2).
   It affects your accuracy and damage with ranged weapons and melee attacks
   (+2).
   It makes you vulnerable to fire.
   It protects you from cold.
   It protects you from negative energy.
 u - a +5 ring of intelligence
   (You found it on level 4 of the Dungeon)
 v - the ring of Epuirocu {rCorr Int+4}
   (You took it off a deep elf demonologist on level 3 of the Elven Halls)

   [ring of resist corrosion]

   It affects your intelligence (+4).
 P - an uncursed ring of protection from cold
   (You took it off a vault sentinel on level 4 of the Vaults)
 R - an uncursed ring of protection from magic
   (You found it on level 5 of the Lair of Beasts)
 W - a +5 ring of evasion (left hand)
   (You took it off a fire giant on level 1 of the Depths)
Wands
 g - a wand of disintegration (57)
   (You found it on level 1 of the Shoals)
 n - a wand of iceblast (49)
   (You found it on level 3 of the Dungeon)
 o - a wand of scattershot (3)
   (You found it on level 1 of the Snake Pit)
 q - a wand of paralysis (43)
   (You found it on level 12 of the Dungeon)
 s - a wand of acid (15)
   (You found it on level 5 of the Lair of Beasts)
 B - a wand of digging (20)
   (You took it off Blork the orc on level 6 of the Dungeon)
 G - a wand of clouds (12)
   (You took it off Josephine on level 10 of the Dungeon)
 U - a wand of enslavement (32)
   (You found it on level 12 of the Dungeon)
Scrolls
 b - 23 scrolls of remove curse
 d - 7 scrolls of fog
 h - 6 scrolls of blinking
 k - 7 scrolls of enchant weapon
 m - 24 scrolls of teleportation
 t - 3 scrolls of identify
 F - a scroll of summoning
 L - 5 scrolls of amnesia
 M - 6 scrolls of fear
 O - 3 scrolls of vulnerability
 V - 5 scrolls of magic mapping
Potions
 e - 5 potions of resistance
 f - 8 potions of might
 i - 7 potions of flight
 j - 22 potions of curing
 l - 5 potions of heal wounds
 w - 3 potions of haste
 x - a potion of invisibility
 A - 6 potions of cancellation
 C - 2 potions of lignification
 J - 4 potions of mutation
 K - 5 potions of agility
 N - 2 potions of ambrosia
 Q - 5 potions of magic
 T - 2 potions of brilliance
Miscellaneous
 D - 2 phantom mirrors
Comestibles
 c - 31 rations


   Skills:
 - Level 21.0 Fighting
 - Level 14.0 Armour
 - Level 14.0 Dodging
 - Level 1.4 Stealth
 - Level 15.0 Shields
 - Level 13.0 Spellcasting
 + Level 18.4 Conjurations
 - Level 8.0 Charms
 - Level 3.0 Translocations
 - Level 15.5 Air Magic
 + Level 6.9 Earth Magic
 - Level 10.0 Poison Magic
 - Level 7.0 Invocations


You had 4 spell levels left.
You knew the following spells:

 Your Spells              Type           Power        Failure   Level  Hunger
a - Shock                 Conj/Air       ####         0%          1    None
b - Swiftness             Chrm/Air       #######.     1%          2    None
c - Airstrike             Air            ########..   1%          4    None
d - Lightning Bolt        Conj/Air       ########..   1%          5    ##.....
e - Animate Skeleton      Necr           N/A          9%          1    None
f - Conjure Ball Lightni  Conj/Air       ########..   1%          6    ####...
g - Deflect Missiles      Chrm/Air       #######...   10%         6    ####...
h - Orb of Destruction    Conj           #######...   3%          7    ######.
i - Poison Arrow          Conj/Pois      #######...   3%          6    ####...
j - Iron Shot             Conj/Erth      ######....   7%          6    ####...
q - Apportation           Tloc           ####..       2%          1    None
r - Blink                 Tloc           N/A          3%          2    None

Your spell library contained the following spells:

 Spells                   Type           Power        Failure   Level  Hunger
 Magic Dart               Conj           ####         0%          1    None
 Searing Ray              Conj           ######       0%          2    None
 Flame Tongue             Conj/Fire      #####        1%          1    None
 Infusion                 Chrm           ####         1%          1    None
 Sandblast                Erth           ######       1%          1    None
 Sting                    Conj/Pois      ####         1%          1    None
 Poisonous Vapours        Pois/Air       ######       1%          2    None
 Shroud of Golubria       Chrm/Tloc      #####.....   1%          2    None
 Song of Slaying          Chrm           ######..     1%          2    None
 Throw Flame              Conj/Fire      ######       1%          2    None
 Throw Frost              Conj/Ice       ######       1%          2    None
 Conjure Flame            Conj/Fire      ######..     1%          3    None
 Dazzling Spray           Conj/Hex       ######       1%          3    None
 Mephitic Cloud           Conj/Pois/Air  #######.     1%          3    None
 Static Discharge         Conj/Air       ########     1%          3    None
 Stone Arrow              Conj/Erth      ######       1%          3    None
 Force Lance              Conj/Tloc      ######..     1%          4    None
 Fulminant Prism          Conj/Hex       ######....   1%          4    None
 Iskenderun's Mystic Bla  Conj           #######.     1%          4    None
 Olgreb's Toxic Radiance  Pois           ######..     1%          4    None
 Sticky Flame             Conj/Fire      ######..     1%          4    None
 Throw Icicle             Conj/Ice       #######.     1%          4    None
 Passwall                 Tmut/Erth      #####...     3%          2    None
 Spider Form              Tmut/Pois      #####.....   3%          3    None
 Summon Lightning Spire   Summ/Air       ######..     3%          4    None
 Ozocubu's Armour         Chrm/Ice       ######..     4%          3    None
 Regeneration             Chrm/Necr      #####.....   4%          3    None
 Spectral Weapon          Hex/Chrm       #####...     4%          3    None
 Ignite Poison            Fire/Tmut/Pois #####...     6%          3    None
 Gell's Gravitas          Tloc           ####......   7%          3    None
 Lesser Beckoning         Tloc           ####......   7%          3    None
 Teleport Other           Tloc           ####....     7%          3    None
 Beastly Appendage        Tmut           ###...       9%          1    None
 Confusing Touch          Hex            ###...       9%          1    None
 Corona                   Hex            ###....      9%          1    None
 Freeze                   Ice            ####         9%          1    None
 Pain                     Necr           ###.         9%          1    None
 Summon Butterflies       Summ           ###.....     9%          1    None
 Summon Small Mammal      Summ           ###.         9%          1    None
 Call Imp                 Summ           ###.....     12%         2    None
 Corpse Rot               Necr           N/A          12%         2    None
 Ensorcelled Hibernation  Hex/Ice        ####..       12%         2    None
 Slow                     Hex            ###.....     12%         2    None
 Sticks to Snakes         Tmut           ###.....     12%         2    None
 Sublimation of Blood     Necr           ###.......   12%         2    None
 Portal Projectile        Hex/Tloc       ####..       13%         3    None
 Recall                   Summ/Tloc      N/A          13%         3    None
 Leda's Liquefaction      Hex/Erth       #####.....   21%         4    None
 Petrify                  Tmut/Erth      #####...     21%         4    None
 Call Canine Familiar     Summ           ###.....     24%         3    None
 Confuse                  Hex            ###.....     24%         3    None
 Inner Flame              Hex/Fire       ###.....     24%         3    None
 Summon Guardian Golem    Hex/Summ       ###.....     24%         3    None
 Tukima's Dance           Hex            ###.....     24%         3    None
 Vampiric Draining        Necr           ###.......   24%         3    None
 Passage of Golubria      Tloc           N/A          24%         4    None
 Animate Dead             Necr           N/A          63%         4    None
 Cause Fear               Hex            ###.......   63%         4    None
 Ice Form                 Ice/Tmut       ####....     63%         4    None
 Summon Ice Beast         Ice/Summ       ####....     63%         4    None
 Iskenderun's Battlesphe  Conj/Chrm      ######..     1%          5    ##.....
 Venom Bolt               Conj/Pois      #######...   1%          5    ##.....
 Bolt of Draining         Conj/Necr      ######....   5%          5    ##.....
 Fireball                 Conj/Fire      ######....   5%          5    ##.....
 Irradiate                Conj/Tmut      ######....   5%          5    ##.....
 Bolt of Magma            Conj/Fire/Erth ######....   7%          5    ##.....
 Silence                  Hex/Air        ######....   10%         5    ##.....
 Freezing Cloud           Conj/Ice/Air   ########..   12%         6    ####...
 Lee's Rapid Deconstruct  Erth           ######....   13%         5    ##.....
 Alistair's Intoxication  Tmut/Pois      #####...     28%         5    ##.....
 Bolt of Cold             Conj/Ice       #######...   28%         6    ####...
 Bolt of Fire             Conj/Fire      ######....   28%         6    ####...
 Excruciating Wounds      Chrm/Necr      #####.....   41%         5    ##.....
 Chain Lightning          Conj/Air       ########..   45%         8    #######
 Borgnjor's Vile Clutch   Necr/Erth      #####.....   50%         5    ##.....
 Summon Forest            Summ/Tloc      ####......   77%         5    ##.....
 Spellforged Servitor     Conj/Summ      ######....   85%         7    ######.
 Agony                    Necr           ###.....     92%         5    ##.....
 Aura of Abjuration       Summ           ###.......   92%         5    ##.....
 Blade Hands              Tmut           ###.......   92%         5    ##.....
 Dispel Undead            Necr           ###.....     92%         5    ##.....
 Metabolic Englaciation   Hex/Ice        ####......   92%         5    ##.....
 Summon Mana Viper        Hex/Summ       ###.....     92%         5    ##.....
 Yara's Violent Unravell  Hex/Tmut       ###.......   92%         5    ##.....
 Lehudib's Crystal Spear  Conj/Erth      ######....   96%         8    #######
 Statue Form              Tmut/Erth      #####....    97%         6    ####...
 Dispersal                Tloc           ####......   98%         6    ####...
 Hydra Form               Tmut           ###.......   100%        6    ####...
 Invisibility             Hex            ###.....     100%        6    ####...
 Shadow Creatures         Summ           N/A          100%        6    ####...
 Simulacrum               Ice/Necr       ####......   100%        6    ####...
 Haunt                    Necr/Summ      ###.......   100%        7    ######.
 Monstrous Menagerie      Summ           ###.......   100%        7    ######.
 Ring of Flames           Chrm/Fire      #####.....   100%        7    ######.
 Summon Hydra             Summ           ###.......   100%        7    ######.
 Borgnjor's Revivificati  Necr           ###.......   100%        8    #######
 Controlled Blink         Tloc           N/A          100%        8    #######
 Death's Door             Chrm/Necr      #####.....   100%        8    #######
 Discord                  Hex            ###.......   100%        8    #######
 Disjunction              Tloc           ####......   100%        8    #######
 Ignition                 Fire           ###.......   100%        8    #######
 Infestation              Necr           ###.......   100%        8    #######
 Necromutation            Tmut/Necr      ###.......   100%        8    #######
 Fire Storm               Conj/Fire      ######....   100%        9    #######
 Glaciate                 Conj/Ice       #######...   100%        9    #######
 Shatter                  Erth           ######....   100%        9    #######
 Tornado                  Air            ########..   100%        9    #######


Dungeon Overview and Level Annotations

Branches:
Dungeon (15/15)            Temple (0/1) D:5            Lair (6/6) D:10
 Shoals (4/4) Lair:4        Snake (4/4) Lair:3        Slime (5/5) Lair:5
    Orc (2/2) D:11            Elf (3/3) Orc:2        Vaults (4/5) D:14
  Crypt (0/3) Vaults:2     Depths (5/5) D:15            Zot (0/5) Depths:5

Altars:
Ashenzari
Cheibriados
Dithmenos
Elyvilon
Gozag
Hepliaklqana
Kikubaaqudgha
Nemelex Xobeh
Okawaru
Qazlal
Ru
Sif Muna
Uskayaw
Vehumet
Xom
Yredelemnul
The Shining One

Shops:
D:10 [[   D:11 (   D:15 ![   Orc:2 ?[!=:   Shoals:3 *%   Vaults:1 [%[(%
Vaults:2 (   Vaults:3 (   Vaults:4 ?   Depths:2 }=}   Depths:3 (

Portals:
Hell: Depths:1 Depths:2 Depths:3 Depths:4 Depths:5
Abyss: Depths:2 Depths:3 Depths:4
Pandemonium: Depths:3
Ziggurat: Depths:3

Annotations:
D:4 2 transporters, dondy's ghost, novice HOAK
Orc:1 1 transporter
Elf:2 3 runed doors
Vaults:1 3 runed doors, Sydeak's ghost, veteran CeHu
Depths:2 3 runed doors
Depths:3 8 runed doors, exclusions: 2 eyes of draining, 2 shining eyes and 1 more exclusion


Innate Abilities, Weirdness & Mutations

You are too large for most types of armour.
You have tough skin. (AC +1)
You are partially covered in rugged brown scales. (AC +1, +3% HP)
Scrolls take you longer to read.
You passively map a small area around you.
You sometimes yell uncontrollably at your foes.


Message History

You are splashed with acid!
The acid burns!
* * * LOW HITPOINT WARNING * * *
You block the acid blob's attack.
GONNNNG!
There is a stone staircase leading up here.
Unknown command.
You block the acid blob's attack.
SHROANNG!
You block the acid blob's attack.
GONNNNG!
You climb upwards.
There is a stone staircase leading down here.
Unknown command.
Casting: Iron Shot (safe; 7% risk of failure)
Confirm with . or Enter, or press ? or * to list all spells.
You blink.
You are splashed with acid!
The walls burn you!
* * * LOW HITPOINT WARNING * * *
You are splashed with acid!
The wall burns you!
* * * LOW HITPOINT WARNING * * *
The acid blob spits acid at you. You block the splash of acid.
GONNNNG!
You are splashed with acid!
The wall burns you!
* * * LOW HITPOINT WARNING * * *
Unknown command.
The acid blob spits acid at you. The splash of acid hits you!
* * * LOW HITPOINT WARNING * * *
You are splashed with acid!
The acid burns!
* * * LOW HITPOINT WARNING * * *
The acid blob spits acid at you. The splash of acid hits you!
* * * LOW HITPOINT WARNING * * *
The acid corrodes you!
You are splashed with acid!
The acid burns!
* * * LOW HITPOINT WARNING * * *
Really walk into that teleport trap?
Okay, then.
Unknown command.
Really walk into that teleport trap?
You enter a teleport trap!
The teleport trap disappears.
Your surroundings suddenly seem different.
You are splashed with acid!
The walls burn you!
* * * LOW HITPOINT WARNING * * *
Unknown command.
You feel much better.
You are splashed with acid!
The walls burn you!
* * * LOW HITPOINT WARNING * * *
Unknown command.
You are splashed with acid!
The wall burns you!
You die...

.##.## #......#.#....###.........
.....###...<.........##........#.
....###....................<.....
.....###.#....#...^..............
......####.......................
.#.....##.............>....#..#..
###..............................
# ##.............................
##.........##@....#.........#.
###......##.......#....#.....
#...##.###..##.##..........
##......###.##.#.....##.##.
##.##..##...........##.##.
####...##.##.......#....#
##.######............. ##
#.............. ##...#........#


There were no monsters in sight!

Vanquished Creatures
  the Royal Jelly (Slime:5)
  Frederick (Depths:4)
  A caustic shrike (Depths:2)
  Vashnia (Snake:4)
  The ghost of Mosown the Warrior, an adept MiFi of Makhleb (Depths:5)
  5 golden dragons
  A bone dragon (Depths:4)
  The ghost of Jannitor the Acrobat, a veteran SpBe of Trog (Depths:5)
  An iron giant (Depths:5)
  2 tentacled monstrosities
  Rupert (Vaults:3)
  Asterion (Vaults:3)
  3 deep elf master archers (Elf:3)
  21 acid blobs
  2 deep elf blademasters (Elf:3)
  The ghost of Dusimeh the Severer, an adept HOFi of Beogh (Elf:1)
  2 krakens
  A quicksilver dragon (Depths:4)
  3 sphinxes
  Agnes (Elf:1)
  An ancient champion (Vaults:3)
  Ilsuiw (Shoals:2)
  7 tengu reavers
  16 azure jellies
  8 frost giants
  6 storm dragons
  10 nagarajas
  A draconian knight (Depths:5)
  16 fire giants
  2 iron dragons
  5 deep elf sorcerers (Elf:3)
  The ghost of Ulalamu the Imperceptible, an adept SpEn of Dithmenos (Depths:5)
  11 vault wardens
  The ghost of UristMcMason the Severer, a journeyman DsGl of Okawaru (D:15)
  A juggernaut zombie (Depths:4)
  An orc warlord (Orc:2)
  10 deep elf elementalists
  2 spriggan defenders
  A draconian stormcaller (Depths:5)
  10 ironheart preservers
  18 very ugly things
  A caustic shrike skeleton (Depths:4)
  2 entropy weavers (shapeshifter)
  19 stone giants
  2 vampire knights
  5 deep elf demonologists
  Nessos (Lair:4)
  A green draconian (Depths:5)
  A minotaur (Lab)
  8 deep elf annihilators (Elf:3)
  An entropy weaver (Vaults:4)
  A black draconian (Depths:5)
  5 spark wasps
  A dire elephant (Lair:6)
  2 minotaurs (shapeshifter)
  A white draconian (Depths:5)
  A crystal guardian (Vaults:3)
  8 deep elf death magi
  13 ettins
  10 merfolk impalers
  4 merfolk javelineers
  6 fire dragons
  2 jiangshi (Depths:5)
  2 death oozes
  A ragged hierophant (Desolation)
  13 yaktaur captains
  4 deep elf high priests (Elf:3)
  Josephine (D:10)
  12 great orbs of eyes
  Harold (D:10)
  16 naga warriors
  A servant of whispers (Elf:1)
  14 ice dragons
  5 hydras
  A hell beast (Depths:5)
  Erolcha (Orc:2)
  9 anacondas
  4 spriggan air magi
  14 vault guards
  7 rakshasas
  A catoblepas (Lair:6)
  2 merfolk avatars
  12 centaur warriors
  A peacekeeper (Desolation)
  An alligator snapping turtle (Shoals:4)
  A death knight (Vaults:2)
  14 ogre magi
  37 two-headed ogres
  10 dancing weapons
  A death yak (shapeshifter) (Vaults:1)
  5 merfolk aquamancers
  7 deep troll shamans
  3 satyrs
  4 tengu warriors
  17 deep troll earth magi
  7 spriggan berserkers
  5 spriggans
  4 shock serpents
  3 death yaks (Lair:6)
  A vampire mage (Depths:5)
  7 hell knights (Depths:4)
  19 naga sharpshooters
  A soul eater (Depths:2)
  12 deep elf knights
  Sonja (D:10)
  3 iron trolls
  A fire crab (Lair:6)
  3 salamander mystics
  3 flayed ghosts
  31 deep trolls
  3 glowing orange brains
  15 sea snakes
  5 wizards
  3 unseen horrors
  4 naga ritualists
  A golden dragon skeleton (Depths:4)
  4 deep elf archers
  A mana viper (shapeshifter) (Vaults:2)
  27 harpies
  14 orc knights
  3 necromancers
  An orb spider (shapeshifter) (Vaults:2)
  8 ironbrand convokers
  6 wolf spiders
  18 ugly things
  8 mana vipers
  An oklob plant (Snake:2)
  8 shining eyes
  17 manticores
  2 salamanders (shapeshifter)
  9 salamanders
  15 cyclopes
  4 orc sorcerers
  16 fauns
  50 deep elf magi
  A rust devil (Depths:5)
  25 black mambas
  A guardian serpent (shapeshifter) (Vaults:4)
  8 water nymphs
  5 guardian serpents
  A titan simulacrum (Depths:5)
  4 eyes of devastation
  A torpor snail (shapeshifter) (Vaults:1)
  15 merfolk sirens
  10 spiny frogs
  20 naga magi
  2 torpor snails (Lair:6)
  14 vault sentinels
  5 centaur skeletons
  Psyche (D:12)
  22 elephants
  A gargoyle (D:10)
  2 freezing wraiths (Vaults:2)
  2 rime drakes
  55 yaktaurs
  A kobold demonologist (D:12)
  10 komodo dragons
  6 tengu conjurers
  7 hornets
  11 polar bears
  2 red devils
  18 trolls
  A meliai (shapeshifter) (Vaults:1)
  9 wind drakes
  A queen bee (shapeshifter) (Depths:1)
  41 merfolk
  12 saltlings
  14 hippogriffs
  135 slime creatures
  Grinder (D:5)
  20 blink frogs
  7 snapping turtles
  14 dream sheep
  A hippogriff (shapeshifter) (Depths:2)
  2 raiju (Lair:6)
  A frost giant simulacrum (Vaults:2)
  6 flying skulls (Depths:5)
  4 redbacks (Vaults:4)
  A spriggan (shapeshifter) (Depths:3)
  A redback (shapeshifter) (Depths:3)
  A shadow (D:14)
  23 water elementals
  2 wyverns
  7 wraiths
  A human (D:8)
  A yak (shapeshifter) (Vaults:1)
  A hungry ghost (D:12)
  A hog (shapeshifter) (Vaults:1)
  13 yaks
  2 fire elementals (Elf:1)
  Grum (D:9)
  3 vampire mosquitoes
  2 chaos spawn (D:9)
  An elf skeleton (Depths:4)
  71 nagas
  7 wargs
  4 acid dragons
  A human zombie (Depths:4)
  15 water moccasins
  14 hell hounds
  8 porcupines
  2 ice beasts
  26 orc warriors
  A swamp drake (shapeshifter) (Vaults:1)
  10 black bears
  A hornet zombie (D:14)
  2 phantoms
  2 sky beasts
  34 centaurs
  4 eyes of draining
  46 ogres
  A wolf (shapeshifter) (Depths:1)
  39 wolves
  15 crocodiles
  3 elf zombies (Elf:1)
  8 big kobolds
  Blork the orc (D:6)
  18 bullfrogs
  2 gnoll sergeants (D:11)
  A wyvern zombie (D:11)
  4 earth elementals
  3 wyvern skeletons
  6 scorpions
  A killer bee (D:12)
  5 wights
  4 electric eels
  6 howler monkeys
  10 crimson imps
  2 bullfrog zombies
  6 centaur zombies
  2 quasits
  8 hounds
  5 jellies
  14 orc priests
  An iguana (D:12)
  27 orc wizards
  3 bullfrog skeletons
  4 worker ants
  2 hound skeletons
  2 gnolls (D:11)
  14 adders
  A howler monkey skeleton (D:7)
  2 shadow imps
  2 oozes (D:2)
  2 adder zombies
  2 adder skeletons
  3 worms
  A worm (shapeshifter) (Depths:2)
  6 leopard geckos
  111 orcs
  4 bats
  5 giant cockroaches
  7 hobgoblins
  14 jackals
  17 kobolds
  7 quokkas
  2 ball pythons
  6 frilled lizards
  5 goblins
  A quokka skeleton (D:7)
  A quokka zombie (D:3)
  3 rats
  2 crawling corpses (Elf:3)
  18 plants
  7 tentacles
2115 creatures vanquished.

Vanquished Creatures (collateral kills)
  4 ball lightnings
  An elephant (Lair:6)
  A spiny frog (Lair:6)
  2 komodo dragons (Lair:6)
  A blink frog (Lair:1)
  A raiju (Lair:6)
  A hippogriff (D:12)
  A basilisk (Lair:2)
  2 yaks
  A hell hound (Lair:6)
  A water moccasin (Lair:6)
  2 porcupines (Lair:4)
  5 black bears (Lair:6)
  5 wolves (Lair:6)
  2 crocodiles (Lair:6)
  2 jellies (Lair:5)
  A hound (D:12)
  A worker ant (D:12)
  A shadow imp (D:12)
  An ooze (Lair:5)
  3 fungi
  4 plants
43 creatures vanquished.

Vanquished Creatures (others)
  A merfolk impaler (Shoals:4)
  1851 ball lightnings
  A deep elf knight (Elf:1)
  2 bushes (Depths:2)
  17 fungi
  42 plants
  A tentacle (Shoals:3)
1915 creatures vanquished.

Grand Total: 4073 creatures vanquished

Notes
Turn   | Place    | Note
-------+----------+-------------------------------------------
     0 | D:1      | Flugkiller the Ogre Air Elementalist began the quest for
                  | the Orb.
     0 | D:1      | Reached XP level 1. HP: 16/16 MP: 3/3
    91 | D:1      | Reached skill level 1 in Conjurations
   354 | D:1      | Reached XP level 2. HP: 24/24 MP: 1/5
   938 | D:1      | Found a glowing golden altar of the Shining One.
  1429 | D:1      | Reached XP level 3. HP: 29/31 MP: 2/7
  1754 | D:2      | Found an opulent altar of Gozag.
  1994 | D:2      | Found a deep blue altar of Sif Muna.
  2011 | D:2      | Became a worshipper of Sif Muna the Loreminder
  2063 | D:2      | Found a shattered altar of Ashenzari.
  2284 | D:2      | Found a sparkling altar of Nemelex Xobeh.
  2465 | D:2      | Reached XP level 4. HP: 34/39 MP: 1/9
  2776 | D:3      | Found a hide-covered altar of Uskayaw.
  3137 | D:3      | Found a shimmering altar of Xom.
  3252 | D:3      | Reached XP level 5. HP: 45/45 MP: 7/10
  3293 | D:3      | Found a faded altar of an unknown god.
  3661 | D:2      | Reached * piety under Sif Muna
  4471 | D:3      | Upgraded the game from 0.23-a0-473-gc8aadda88e to
                  | 0.23-a0-480-g1869896531
  4485 | D:4      | Reached XP level 6. HP: 48/53 MP: 3/12
  4637 | D:4      | Noticed dondy's ghost (novice HOAK)
  4637 | D:4      | Identified the +6 great mace "Vion Obb" {flame, *Contam rN+
                  | MR+}
  4638 | D:4      | Found a transporter.
  4638 | D:4      | Found a transporter.
  4849 | D:4      | You fall through a shaft for 3 floors!
  5052 | D:7      | Learned a level 3 spell: Static Discharge
  5055 | D:7      | Learned a level 2 spell: Swiftness
  5091 | D:7      | Reached skill level 5 in Spellcasting
  5152 | D:7      | Reached XP level 7. HP: 44/59 MP: 8/14
  5154 | D:7      | Reached ** piety under Sif Muna
  5308 | D:7      | Learned a level 4 spell: Airstrike
  5447 | D:5      | Entered Level 5 of the Dungeon
  5469 | D:6      | Noticed Blork the orc
  5485 | D:6      | Reached skill level 5 in Air Magic
  6092 | D:4      | Found a white marble altar of Elyvilon.
  6216 | D:4      | Found an iron altar of Okawaru.
  6220 | D:4      | Reached XP level 8. HP: 67/67 MP: 14/17
  6912 | D:5      | Noticed Grinder
  6968 | D:5      | Killed Grinder
  6968 | D:5      | Reached skill level 5 in Conjurations
  7067 | D:5      | Reached *** piety under Sif Muna
  7393 | D:5      | Found a staircase to the Ecumenical Temple.
  7750 | D:5      | Reached XP level 9. HP: 67/74 MP: 9/20
  8151 | D:6      | Found a stormy altar of Qazlal.
  8668 | D:6      | Killed Blork the orc
  9265 | D:7      | Reached **** piety under Sif Muna
 10835 | D:8      | Found a sacrificial altar of Ru.
 10879 | D:8      | Reached XP level 10. HP: 81/81 MP: 17/22
 10935 | D:8      | Found a radiant altar of Vehumet.
 11052 | D:8      | Found a hazy altar of Hepliaklqana.
 11294 | D:8      | Found a shadowy altar of Dithmenos.
 11694 | D:9      | Found a shimmering altar of Xom.
 11695 | D:9      | Found the +7 mace of Variability {chain chaos}
 12120 | D:9      | Reached ***** piety under Sif Muna
 12378 | D:9      | Received a gift from Sif Muna
 13056 | D:9      | Noticed Grum
 13069 | D:9      | Killed Grum
 13547 | D:9      | Found a shimmering altar of Xom.
 13817 | D:10     | Entered Level 10 of the Dungeon
 13817 | D:10     | Noticed Josephine
 14275 | D:10     | Found a staircase to the Lair.
 14967 | D:10     | Noticed Harold
 15131 | D:10     | Identified the Volume of Necromancy and Moulding
 15155 | D:10     | Found a snail-covered altar of Cheibriados.
 15202 | D:9      | Learned a level 5 spell: Lightning Bolt
 15280 | D:10     | Noticed Sonja
 15297 | D:10     | Killed Sonja
 15297 | D:10     | Reached skill level 10 in Air Magic
 15297 | D:10     | Reached XP level 11. HP: 19/88 MP: 10/23
 15601 | D:10     | Found Cheibriados's Comfort Zone.
 15847 | D:10     | Reached skill level 10 in Conjurations
 16045 | D:10     | Noticed a two-headed ogre
 16061 | D:10     | Killed a two-headed ogre
 16333 | D:10     | Identified Sif Muna's Tome of Unholy Rituals (Sif Muna
                  | gifted it to you on level 10 of the Dungeon)
 16333 | D:10     | Received a gift from Sif Muna
 16594 | D:10     | Found Gois's Armour Shop.
 16819 | D:10     | Killed Josephine
 16968 | D:10     | Killed Harold
 17312 | D:10     | Found a snail-covered altar of Cheibriados.
 17312 | D:10     | Found Cheibriados's Comfort Zone.
 17551 | D:10     | Found Gois's Armour Shop.
 17691 | Lair:1   | Entered Level 1 of the Lair of Beasts
 17786 | D:10     | Learned a level 1 spell: Animate Skeleton
 18180 | Lair:1   | Reached XP level 12. HP: 96/96 MP: 0/24
 19975 | Lair:1   | Identified Hafoczuq's Incunabulum of Icy Conjuration (Sif
                  | Muna gifted it to you on level 1 of the Lair of Beasts)
 19975 | Lair:1   | Received a gift from Sif Muna
 20698 | Lair:2   | Reached skill level 1 in Fighting
 20698 | Lair:2   | Reached skill level 1 in Invocations
 21072 | Lair:3   | Reached skill level 1 in Shields
 21078 | Lair:3   | Reached skill level 2 in Fighting
 21151 | Lair:2   | Reached skill level 3 in Fighting
 21697 | Lair:3   | Identified a scroll of acquirement
 21765 | Lair:3   | Found a staircase to the Snake Pit.
 21954 | Lair:3   | Reached skill level 4 in Fighting
 22527 | Lair:4   | Noticed Nessos
 22538 | Lair:4   | Killed Nessos
 22863 | Lair:4   | Reached skill level 5 in Fighting
 22998 | Lair:4   | Noticed a four-headed hydra
 23008 | Lair:4   | Killed a four-headed hydra
 23110 | Lair:4   | Reached XP level 13. HP: 119/119 MP: 25/25
 23325 | Lair:4   | Reached skill level 6 in Fighting
 23335 | Lair:4   | Reached skill level 5 in Invocations
 24146 | Lair:4   | Found a staircase to the Shoals.
 24152 | Lair:4   | Reached skill level 7 in Fighting
 24245 | Shoals:1 | Entered Level 1 of the Shoals
 24312 | Lair:4   | I just accidentally went into shoals
 24312 | Lair:4   | lmao
 24327 | Lair:5   | Reached skill level 5 in Shields
 24480 | Lair:5   | Found a staircase to the Slime Pits.
 24737 | Lair:5   | Reached skill level 8 in Fighting
 25388 | Lair:5   | Found an ancient bone altar of Kikubaaqudgha.
 25792 | Lair:6   | Entered Level 6 of the Lair of Beasts
 25796 | Lair:6   | Reached skill level 5 in Dodging
 27071 | Lair:6   | Reached XP level 14. HP: 112/136 MP: 3/26
 28136 | Lair:6   | Reached skill level 10 in Dodging
 28186 | Lair:6   | Identified Dyomugg's Incunabulum of Destructive Creation
                  | (Sif Muna gifted it to you on level 6 of the Lair of
                  | Beasts)
 28186 | Lair:6   | Received a gift from Sif Muna
 29368 | Lair:6   | Reached skill level 9 in Fighting
 29791 | Lair:6   | Got a faintly glowing hat
 29794 | Lair:6   | Identified the +2 hat of Ting {rCorr} (You found it on
                  | level 6 of the Lair of Beasts)
 29995 | Lair:6   | Noticed a dire elephant
 30004 | Lair:6   | Killed a dire elephant
 30502 | D:11     | Found a hazy altar of Hepliaklqana.
 30925 | D:11     | Found a staircase to the Orcish Mines.
 30954 | D:11     | Reached skill level 10 in Spellcasting
 31299 | D:11     | Found Pousepsete's Antique Weapon Shop.
 31698 | D:12     | Found a white marble altar of Elyvilon.
 31711 | D:12     | Identified Sif Muna's Disquisition on Aerial Execration
                  | (Sif Muna gifted it to you on level 12 of the Dungeon)
 31711 | D:12     | Received a gift from Sif Muna
 32009 | D:12     | Noticed Psyche
 32101 | D:12     | Killed Psyche
 32324 | D:12     | Reached XP level 15. HP: 139/146 MP: 0/29
 32708 | D:11     | Upgraded the game from 0.23-a0-480-g1869896531 to
                  | 0.23-a0-483-g32a748b514
 32715 | D:11     | Learned a level 6 spell: Conjure Ball Lightning
 34487 | D:14     | Got a crude battleaxe
 34762 | D:14     | Found a shadowy altar of Dithmenos.
 35396 | D:14     | Found a gate to the Vaults.
 35439 | D:14     | Identified Fulipuq's Handbook of Weightlessness and Blows
                  | and Bruises (Sif Muna gifted it to you on level 14 of the
                  | Dungeon)
 35439 | D:14     | Received a gift from Sif Muna
 35635 | D:15     | Entered Level 15 of the Dungeon
 36748 | D:15     | Found a runed gate.
 36748 | D:15     | Found a runed gate.
 36748 | D:15     | Found a runed gate.
 36758 | D:15     | Noticed UristMcMason's ghost (journeyman DsGl)
 37039 | D:15     | Found Qaured's Antique Armour Emporium.
 37405 | D:15     | Found Kyimijiz's Distillery.
 37666 | D:15     | Killed UristMcMason's ghost
 37711 | D:15     | Identified the +3 broad axe of Xuxahi {elec, +Inv rF- MR+++
                  | Dex+3} (You found it on level 15 of the Dungeon)
 38167 | D:15     | Found a staircase to the Depths.
 38167 | D:15     | Noticed a frost giant
 38169 | D:15     | Killed a frost giant
 38169 | D:15     | Reached XP level 16. HP: 146/156 MP: 29/31
 38326 | Orc:1    | Entered Level 1 of the Orcish Mines
 38326 | Orc:1    | Found a transporter.
 38604 | Orc:2    | Entered Level 2 of the Orcish Mines
 38604 | Orc:2    | Found a labyrinth entrance.
 38607 | Orc:2    | Found a staircase to the Elven Halls.
 38611 | Lab      | Entered a labyrinth
 39051 | Lab      | Got a twitching garnet amulet
 39052 | Lab      | Identified the amulet of the Gloaming {RegenMP Dex+4} (You
                  | found it in a labyrinth)
 39302 | Orc:2    | Reached skill level 15 in Conjurations
 39318 | Orc:2    | Reached skill level 1 in Charms
 39516 | Orc:2    | Identified Sif Muna's Compendium of Cold and the Arsonist
                  | (Sif Muna gifted it to you on level 2 of the Orcish Mines)
 39516 | Orc:2    | Received a gift from Sif Muna
 39747 | Orc:2    | Reached skill level 10 in Fighting
 39958 | Orc:2    | Found Utoy's Distillery.
 40034 | Orc:2    | Learned a level 6 spell: Deflect Missiles
 40036 | Orc:2    | Found Ozaywkek's Magic Scroll Boutique.
 40044 | Orc:2    | Found Nepoe's Jewellery Emporium.
 40045 | Orc:2    | Found Ireskyto's Antique Armour Shoppe.
 40160 | Orc:2    | Found Mosegicon's Book Emporium.
 40244 | Orc:2    | Noticed Erolcha
 40247 | Orc:2    | Killed Erolcha
 41048 | Lair:1   | Learned a level 7 spell: Orb of Destruction
 41135 | Snake:1  | Entered Level 1 of the Snake Pit
 41939 | Snake:2  | Reached skill level 11 in Fighting
 42274 | Snake:2  | Found a shattered altar of Ashenzari.
 42393 | Snake:2  | Got a pitted cloak
 42442 | Snake:2  | Reached ****** piety under Sif Muna
 42455 | Snake:2  | Reached skill level 5 in Charms
 42506 | Snake:2  | Noticed a nagaraja
 42514 | Snake:2  | Killed a nagaraja
 42821 | Snake:2  | Reached XP level 17. HP: 152/172 MP: 16/32
 42846 | Snake:2  | Identified the +2 cloak of the Hart {*Slow MR+ Int+4} (You
                  | found it on level 2 of the Snake Pit)
 43283 | Snake:2  | Reached skill level 12 in Fighting
 44201 | Snake:3  | Reached skill level 13 in Fighting
 44348 | Snake:3  | Reached skill level 1 in Armour
 45391 | Snake:4  | Entered Level 4 of the Snake Pit
 45617 | Snake:4  | Identified Tuxkeine's Incunabulum of the Volcanoes (Sif
                  | Muna gifted it to you on level 4 of the Snake Pit)
 45617 | Snake:4  | Received a gift from Sif Muna
 45665 | Snake:4  | Reached skill level 5 in Armour
 46799 | Snake:4  | Noticed Vashnia
 46835 | Snake:4  | Killed Vashnia
 46835 | Snake:4  | Reached XP level 18. HP: 119/185 MP: 8/33
 47935 | Snake:4  | Got a serpentine rune of Zot
 48182 | Shoals:1 | Reached skill level 10 in Armour
 49037 | D:15     | Bought fire dragon scales for 1740 gold pieces
 50772 | Shoals:2 | Noticed Ilsuiw
 50782 | Shoals:2 | Killed Ilsuiw
 51111 | Shoals:2 | Found an ancient bone altar of Kikubaaqudgha.
 51378 | Shoals:2 | Found Raurhac's General Store.
 52217 | Shoals:3 | Identified Sif Muna's Reference Book on Beguiling and
                  | Stolen Souls (Sif Muna gifted it to you on level 3 of the
                  | Shoals)
 52217 | Shoals:3 | Received a gift from Sif Muna
 52224 | Shoals:3 | Reached XP level 19. HP: 173/193 MP: 16/35
 52775 | Shoals:3 | Found Haoffes's Food Shoppe.
 52829 | Shoals:3 | Found Jopeosk's Island Escapes.
 53083 | Shoals:3 | Bought a scroll of fog for 24 gold pieces
 53083 | Shoals:3 | Bought a scroll of teleportation for 36 gold pieces
 53083 | Shoals:3 | Bought a scroll of teleportation for 36 gold pieces
 53083 | Shoals:3 | Bought a wand of digging (6) for 240 gold pieces
 53181 | Shoals:4 | Entered Level 4 of the Shoals
 54087 | Shoals:3 | Learned a level 2 spell: Blink
 54093 | Shoals:4 | Reached skill level 1 in Translocations
 55285 | Shoals:4 | Reached skill level 14 in Fighting
 55520 | Shoals:4 | Identified the ring "Pukk" {Ice rN+ Dex+2 Slay+2}
 56086 | Shoals:4 | Reached skill level 15 in Fighting
 56468 | Shoals:4 | Got a barnacled rune of Zot
 57097 | Vaults:1 | Entered Level 1 of the Vaults
 58204 | Vaults:1 | Found Pezel's Armour Shop.
 58313 | Vaults:1 | Identified the +7 war axe of the Yoke {holy, Int+4}
 58467 | Vaults:1 | Found Derhaatu's Food Shop.
 58475 | Vaults:1 | Reached XP level 20. HP: 192/210 MP: 25/37
 58627 | Vaults:1 | Found Elikiwno's Armour Shoppe.
 58629 | Vaults:1 | Found a runed gate.
 58630 | Vaults:1 | Found a runed gate.
 58631 | Vaults:1 | Found a runed gate.
 58634 | Vaults:1 | Found Zakap's Food Boutique.
 58876 | Vaults:1 | Identified Sif Muna's Tome of Conjuration (Sif Muna gifted
                  | it to you on level 1 of the Vaults)
 58876 | Vaults:1 | Received a gift from Sif Muna
 59170 | Vaults:1 | Found Cuschuse's Weapon Shop.
 59200 | Vaults:1 | Noticed Sydeak's ghost (veteran CeHu)
 60419 | Vaults:1 | Learned a level 6 spell: Poison Arrow
 60428 | Vaults:1 | Reached skill level 1 in Poison Magic
 61412 | Vaults:2 | Found Rihad's Weapon Boutique.
 61429 | Vaults:2 | Reached skill level 16 in Fighting
 61786 | Vaults:2 | Reached skill level 5 in Poison Magic
 62592 | Vaults:2 | Found a staircase to the Crypt.
 62592 | Vaults:2 | Found a basalt altar of Yredelemnul.
 62593 | Vaults:2 | Found an ancient bone altar of Kikubaaqudgha.
 62703 | Vaults:3 | Reached XP level 21. HP: 198/223 MP: 31/38
 62738 | Vaults:3 | Noticed Asterion
 62738 | Vaults:3 | Noticed Rupert
 62744 | Vaults:3 | Killed Rupert
 62750 | Vaults:3 | Killed Asterion
 62750 | Vaults:3 | Reached skill level 17 in Fighting
 63392 | Vaults:3 | Identified Sif Muna's Advanced Steps in Theurgy (Sif Muna
                  | gifted it to you on level 3 of the Vaults)
 63392 | Vaults:3 | Received a gift from Sif Muna
 64536 | Vaults:3 | Found Tywiv's Antique Weapon Boutique.
 64577 | Vaults:3 | Reached skill level 18 in Fighting
 65016 | Vaults:4 | Found Osiol's Magic Scroll Shoppe.
 65039 | Vaults:4 | Bought a scroll of teleportation for 54 gold pieces
 65039 | Vaults:4 | Bought a scroll of teleportation for 54 gold pieces
 65039 | Vaults:4 | Bought a scroll of teleportation for 54 gold pieces
 66610 | Vaults:4 | Found an ancient bone altar of Kikubaaqudgha.
 67123 | Elf:1    | Entered Level 1 of the Elven Halls
 67277 | Elf:1    | Found a ruined gateway.
 67291 | Elf:1    | Noticed Agnes
 67301 | Elf:1    | Killed Agnes
 67436 | Desolati | Entered the Desolation of Salt
 68135 | Elf:1    | Identified the Catalogue of Dark Arts
 68351 | Elf:1    | Reached skill level 19 in Fighting
 68681 | Elf:1    | Found a runed door.
 68682 | Elf:1    | Noticed Dusimeh's ghost (adept HOFi)
 68734 | Elf:1    | Killed Dusimeh's ghost
 69140 | Elf:2    | Reached XP level 22. HP: 214/243 MP: 14/39
 69902 | Elf:2    | Reached skill level 10 in Poison Magic
 70306 | Elf:2    | Found a runed gate.
 70306 | Elf:2    | Found a runed gate.
 70312 | Elf:2    | Found a runed gate.
 70465 | Elf:3    | Entered Level 3 of the Elven Halls
 71499 | Elf:3    | Identified the +5 ring mail of Autotheism {+Blink Regen+
                  | Dex-2}
 71705 | Elf:3    | Identified the +12 battleaxe of Saireot {drain, Int+4
                  | Dex+2}
 72011 | Elf:3    | Identified Sif Muna's Papyrus of Ice and Weightlessness
                  | (Sif Muna gifted it to you on level 3 of the Elven Halls)
 72011 | Elf:3    | Received a gift from Sif Muna
 72348 | Elf:3    | Identified the cursed +1 glaive "Moipeyf" {protect, -Tele
                  | rElec MR+}
 72348 | Elf:3    | Identified the ring of Epuirocu {rCorr Int+4}
 72356 | Elf:3    | Identified the ring of the Tarantula {Ice rElec}
 73368 | Elf:3    | Got a transparent quarterstaff
 73437 | Elf:3    | Found the +0 pair of fencer's gloves {Riposte Dex+3}
 73495 | Elf:3    | Found the +6 shillelagh "Devastator" {shatter}
 73832 | Depths:1 | Entered Level 1 of the Depths
 74274 | Depths:1 | Reached skill level 10 in Shields
 74781 | Depths:1 | Reached XP level 23. HP: 252/252 MP: 26/40
 75454 | Depths:1 | Found a gateway to Hell.
 76515 | Depths:2 | Noticed a golden dragon
 76789 | Depths:1 | Killed a golden dragon
 76997 | Depths:2 | Noticed a caustic shrike
 77002 | Depths:2 | Killed a caustic shrike
 78202 | Depths:2 | Found a runed door.
 78203 | Depths:2 | Noticed a juggernaut
 78296 | Depths:2 | Found a one-way gate to the infinite horrors of the Abyss.
 78365 | Depths:2 | Found a runed door.
 78368 | Depths:2 | Found a runed door.
 78399 | Depths:2 | Found Ymuarch's Gadget Shoppe.
 78399 | Depths:2 | Found Qinuneg's Jewellery Shop.
 78400 | Depths:2 | Found Soifu's Gadget Shoppe.
 79112 | Depths:3 | Found a large runed door.
 79119 | Depths:3 | Found a one-way gate leading to the halls of Pandemonium.
 79150 | Depths:3 | Found a large runed door.
 79154 | Depths:3 | Found a large runed door.
 79156 | Depths:3 | Identified the ring "Toalegru" {*Slow rPois rC+ Str+4 SInv}
 79394 | Depths:3 | Found Jaojaimoemp's Weapon Emporium.
 79422 | Depths:3 | Reached skill level 15 in Shields
 79447 | Depths:3 | Reached XP level 24. HP: 261/261 MP: 2/40
 79465 | Depths:3 | Identified Sif Muna's Disquisition on Summoning (Sif Muna
                  | gifted it to you on level 3 of the Depths)
 79465 | Depths:3 | Received a gift from Sif Muna
 80392 | Depths:3 | Found a large runed door.
 80396 | Depths:3 | Found a large runed door.
 80400 | Depths:3 | Found a large runed door.
 80504 | Depths:3 | Found a large runed door.
 80562 | Depths:3 | Found a gateway to a ziggurat.
 80858 | Depths:3 | Found a large runed door.
 82578 | Depths:4 | Received a gift from Sif Muna
 83575 | Depths:4 | Noticed Frederick
 83582 | Depths:4 | Killed Frederick
 83582 | Depths:4 | Reached skill level 15 in Air Magic
 84387 | Depths:5 | Entered Level 5 of the Depths
 84395 | Depths:4 | Received a gift from Sif Muna
 84648 | Depths:4 | Reached XP level 25. HP: 258/270 MP: 0/40
 85266 | Depths:4 | Reached skill level 20 in Fighting
 86184 | Depths:5 | Got a translucent copper amulet
 86185 | Depths:5 | Identified the amulet of Leisidgh {Spirit rF- rN+ Int+6
                  | Stlth+} (You found it on level 5 of the Depths)
 86416 | Depths:5 | Found a runed door.
 86418 | Depths:5 | Noticed Mosown's ghost (adept MiFi)
 86463 | Depths:5 | Got a transparent fustibalus
 86499 | Depths:5 | Identified the cursed +2 fustibalus "Guroku" {speed,
                  | Fragile rN+++ Int+6 Dex-2} (You found it on level 5 of the
                  | Depths)
 86608 | Depths:5 | Found a gate to the Realm of Zot.
 86884 | Depths:5 | Reached skill level 21 in Fighting
 86895 | Depths:5 | Killed Mosown's ghost
 86982 | Depths:5 | Found a runed door.
 86989 | Depths:5 | Noticed Ulalamu's ghost (adept SpEn)
 87004 | Depths:5 | Killed Ulalamu's ghost
 87080 | Depths:5 | Found a runed door.
 87083 | Depths:5 | Noticed Jannitor's ghost (veteran SpBe)
 87085 | Depths:5 | Got a bound granite ring
 87088 | Depths:5 | Identified the ring "Xaotucwy" {rF+ Str+2} (You found it on
                  | level 5 of the Depths)
 87112 | Depths:5 | Killed Jannitor's ghost
 87141 | Depths:5 | Got a faintly humming cloak
 87142 | Depths:5 | Identified the +0 cloak of the Blacksmith {+Inv rC- Str+5}
                  | (You found it on level 5 of the Depths)
 87145 | Depths:5 | Got a scorched short sword
 87982 | Slime:1  | Entered Level 1 of the Pits of Slime
 88487 | Slime:1  | Received a gift from Sif Muna
 88590 | Slime:1  | Learned a level 1 spell: Apportation
 88744 | Slime:1  | Learned a level 6 spell: Iron Shot
 89101 | Slime:2  | Reached skill level 1 in Earth Magic
 90294 | Slime:4  | Gained mutation: You are occasionally teleported next to
                  | monsters. [a shining eye]
 90304 | Slime:3  | Lost mutation: You are occasionally teleported next to
                  | monsters. [potion of mutation]
 90304 | Slime:3  | Gained mutation: You passively map a small area around you.
                  | [potion of mutation]
 90304 | Slime:3  | Gained mutation: Scrolls take you a little longer to read.
                  | [potion of mutation]
 90304 | Slime:3  | Gained mutation: You are partially covered in rugged brown
                  | scales. (AC +1, +3% HP) [potion of mutation]
 90444 | Slime:4  | Gained mutation: Scrolls take you longer to read. [a
                  | shining eye]
 90998 | Slime:5  | Entered Level 5 of the Pits of Slime
 91013 | Slime:4  | Received a gift from Sif Muna
 91359 | Slime:5  | Reached skill level 5 in Earth Magic
 91716 | Slime:5  | Noticed the Royal Jelly
 91720 | Slime:4  | Gained mutation: You occasionally shout uncontrollably at
                  | your foes. [a shining eye]
 92163 | Slime:5  | Reached XP level 26. HP: 288/296 MP: 34/40
 92481 | Slime:5  | Gained mutation: You sometimes yell uncontrollably at your
                  | foes. [a shining eye]
 92488 | Slime:5  | Killed the Royal Jelly
 93573 | Slime:4  | HP: 9/296 [acid (31)]
 93574 | Slime:4  | Splashed with acid

Vault maps used:
D:1:      elethiomel_arrival_quiet, serial_curves, eino_curves_01,
          eino_curves_04, eino_curves_03, tso_metal_star
D:2:      ashenzari_conservatory_becter, nicolae_gozag_seed_capital,
          lemuel_blue_sif_altar, nemelex_dance_club_becter
D:3:      old_standard_altar, eat_drink_and_be_merry_uskayaw,
          chequers_ecumenical_altar_simple
D:4:      kennysheep_mini_moat, kennysheep_okawaru_gauntlet,
          gammafunk_ghost_smash
D:5:      temple_pool_b, first_ration, uniq_grinder
D:6:      nicolae_qazlal_general_emergency, uniq_blork_the_orc
D:8:      marbit_many_paths, vehumet_crystals, lemuel_round_altar,
          kennysheep_mini, hangedman_decor_lopped, grunt_pizzeria,
          serial_bayou_lagoon_a, grunt_ministairs_6
D:9:      minmay_guarded_unrand_variability, uniq_grum
D:10:     minmay_lair_entry_grove, serial_glass, glass_columns_a,
          glass_columns_a, glass_columns_a, glass_columns_c, glass_columns_b,
          glass_columns_a, due_unseen_surprise, item_on_display_a,
          minmay_strange_pillars, minmay_strange_pillars, serial_shops, shop,
          minmay_shop_chei, minmay_bent, uniq_josephine, uniq_harold, uniq_sonja
D:11:     kennysheep_orc_monster_closet_entryway, basic_altar, serial_shops,
          shop
D:12:     minmay_box_of_statues, elyvilon_altar_1, uniq_psyche
D:14:     erik_vaults_2, grunt_dithmenos_smoke, minmay_misc_feat_square
D:15:     grunt_enter_depths_snipers, serial_shops, shop, shop,
          gammafunk_ghost_hydra_chop, minmay_misc_feat_iff, grunt_ministairs_2
Lair:1:   wad_woods_structure_01, nicolae_quartered_pool_little,
          hibernation_bobbens, serial_bayou_shore_a
Lair:2:   infiniplex_staircase_pool
Lair:3:   dummy_snake_entry, serial_bayou_shore_b, grunt_megastairs_1
Lair:4:   minmay_shoals_entry_hut, lemuel_fruit_tree, uniq_nessos
Lair:5:   nicolae_slime_entry_slimehenge, basic_altar
Lair:6:   hangedman_lair_caniforms_friends, hangedman_lair_in_review
Shoals:2: serial_shops, nicolae_shop_waterfront, lemuel_centaur_altar,
          uniq_ilsuiw
Shoals:3: serial_shops, shop, nicolae_island_escapes
Shoals:4: shoals_end_grunt_ice, nicolae_shoals_dead_sea_scrolls
Snake:2:  lemuel_oklob_altar, serial_bayou_shore_b
Snake:4:  minmay_snake_end_coiled, uniq_vashnia
Orc:1:    gammafunk_beogh_shrine, lightli_orcish_oven
Orc:2:    st_orc_open, serial_shops, shop, lab_entry_generic, uniq_erolcha
Elf:1:    eino_elf_arrival_shootout, gammafunk_ghost_grave,
          portal_desolation_entry_nicolae_nacl, minmay_elf_necromancy,
          uniq_agnes
Elf:2:    minivault_23
Elf:3:    minmay_elf_hall_four_x
Vaults:1: gammafunk_vaults_ghost_necromancy, v_alt_pattern_2,
          vaults_room_semicircle, hangedman_vaults_corner_blocks,
          v_alt_pattern_6, ontoclasm_vaults_gateway, v_alt_pattern_2,
          vaults_mumra_lcd, vaults_room_grunt_arrival_ludios,
          nicolae_vaults_shelves_hall, nicolae_vaults_yaktaur_gun_rack,
          nicolae_vaults_border_crossing, kb_rosetta, vaults_dpeg_ring,
          serial_shops, shop, shop, shop_statue, shop, shop
Vaults:2: nicolae_vaults_network_star, ontoclasm_vaults_twist, v_misc_3,
          dpeg_vaults_monster_row, ontoclasm_vaults_fault, v_misc_12,
          vaults_room_pool, minmay_crypt_entry_necro_gods, v_pattern_2,
          st_smaller_cells, grunt_vaults_twisty, grunt_vaults_hallway_short,
          nicolae_vaults_angled_halls, serial_shops, shop
Vaults:3: v_misc_26, vaults_room_ringed_pool, sword_in_stone,
          nicolae_vaults_little_squares_6, v_misc_23,
          ontoclasm_vaults_misaligned, ontoclasm_vaults_ring_large,
          vaults_mumra_chevron, vaults_room_pool, v_misc_12, v_misc_33,
          serial_shops, shop
Vaults:4: v_misc_31, hangedman_vaults_snaps, v_misc_10, v_rooms_5,
          nicolae_vaults_ring_of_whatevers, nicolae_vaults_little_squares_2,
          vaults_room_semicircle, serial_ice_m, serial_shops,
          nicolae_shop_stone, basic_altar
Depths:1: hangedman_coc_ice_floe, chequers_serial_rivers_micro_a, st_stairs_5,
          spider_trap, hangedman_corner_corridor, firewood_loft
Depths:2: minmay_the_grid_four_pointed_star, abyss_entry, hellmouth_1,
          infiniplex_staircase_star, minmay_shop_grove
Depths:3: minmay_five_octagons, enter_ziggurat_c, serial_shops,
          nicolae_shop_window_shopping, pan_entry, hell_entry, serial_sigils,
          serial_sigils_hangedman_gnaw, serial_sigils_hangedman_shear,
          serial_sigils_hangedman_scar, serial_sigils_hangedman_scratch,
          serial_sigils_hangedman_gut, abyss_entry, grunt_ministairs_11
Depths:4: minmay_bad_star, hell_entry, infiniplex_staircase_trident,
          abyss_entry, kennysheep_dice, uniq_frederick
Depths:5: evilmike_zot_entry_diamond, muffindrake_ghost_three_little_ghosts,
          minmay_misc_feat_tiny, grunt_mini_vestibule, serial_bayou_ford_a,
          minmay_variable_closet
Lab:      labyrinth_hidden_loot, nicolae_lab_stuck, nicolae_lab_grate_2

Skill      XL: |  1  2  3  4  5  6  7  8  9 10 11 12 13 14 15 16 17 18 19 20 21 22 23 24 25 26 |
---------------+-------------------------------------------------------------------------------+-----
Conjurations   | 1 2 3 4 5 7 9 11 12 13 14 15 17 18 | 18.4
Air Magic      | 3 4 5 6 8 10 11 12 13 15 | 15.5
Spellcasting   | 3 4 5 6 7 8 10 11 12 13 | 13.0
Fighting       | 5 8 9 11 13 15 16 19 21 | 21.0
Invocations    | 4 5 7 |  7.0
Shields        | 3 5 8 9 10 15 | 15.0
Dodging        | 8 10 11 12 14 | 14.0
Charms         | 5 6 8 |  8.0
Armour         | 7 11 13 14 | 14.0
Translocations | 3 |  3.0
Poison Magic   | 5 9 10 | 10.0
Earth Magic    | 5 6 |  6.9
Stealth        | |  1.4

Action                   |  1- 3 |  4- 6 |  7- 9 | 10-12 | 13-15 | 16-18 | 19-21 | 22-24 | 25-27 || total
-------------------------+-------+-------+-------+-------+-------+-------+-------+-------+-------++-------
Melee: Unarmed           |     2 |       |       |       |       |       |       |       |       ||     2
       Dagger            |       |    23 |       |       |       |       |       |       |       ||    23
       Staff             |       |       |     6 |    36 |   115 |    10 |   148 |   227 |    46 ||   588
       Great mace        |       |       |       |     6 |       |       |       |       |       ||     6
 Fire: Blowgun           |       |    12 |       |       |       |       |       |       |       ||    12
 Cast: Shock             |    75 |   143 |   247 |    76 |    58 |    14 |     2 |       |       ||   615
       Airstrike         |       |       |    59 |   238 |   446 |   155 |   168 |   160 |    52 ||  1278
       Static Discharge  |       |       |     3 |    14 |    23 |       |       |       |       ||    40
       Lightning Bolt    |       |       |       |    20 |   126 |   143 |   138 |    56 |    23 ||   506
       Animate Skeleton  |       |       |       |    31 |    91 |       |       |       |       ||   122
       Swiftness         |       |       |       |     2 |     1 |       |     1 |       |       ||     4
       Conjure Ball Ligh |       |       |       |       |     7 |   140 |   162 |   178 |    91 ||   578
       Orb of Destructio |       |       |       |       |       |     7 |    28 |    86 |    20 ||   141
       Deflect Missiles  |       |       |       |       |       |    11 |     5 |     2 |     2 ||    20
       Blink             |       |       |       |       |       |       |     2 |    15 |     3 ||    20
       Poison Arrow      |       |       |       |       |       |       |    36 |    50 |    25 ||   111
       Iron Shot         |       |       |       |       |       |       |       |       |    40 ||    40
Invok: Divine Energy     |       |     1 |       |       |       |       |       |       |       ||     1
       Channel Magic     |       |       |       |       |       |     1 |       |     2 |     1 ||     4
Evoke: Wand              |       |       |       |     5 |     1 |       |     4 |       |       ||    10
  Use: Scroll            |     2 |     1 |    11 |    12 |     8 |    14 |     5 |     5 |     7 ||    65
       Potion            |       |     1 |       |     3 |       |       |     1 |     1 |     4 ||    10
 Stab: Distracted        |       |       |       |       |     3 |       |       |       |       ||     3
  Eat: Chunk             |     4 |     5 |    17 |    27 |    53 |    29 |    53 |    55 |     4 ||   247
       Ration            |       |     1 |     2 |     8 |     5 |    15 |     9 |    12 |    19 ||    71
Armor: Robe              |     7 |    42 |    16 |    30 |    61 |     7 |       |       |       ||   163
       Fire dragon scale |       |       |       |       |       |    29 |   159 |   191 |   159 ||   538
Dodge: Dodged            |     6 |    93 |    56 |   111 |   218 |   117 |   209 |   204 |   107 ||  1121
       Deflected         |       |       |       |       |       |    42 |    80 |    64 |    27 ||   213
Block: Shield            |       |       |       |       |   242 |   133 |   249 |   599 |   355 ||  1578

Table legend:
 A = Non-vault XP
 B = Vault XP
 C = Vault XP percentage of total XP
 D = Non-vault monster count
 E = Vault monster count
 F = Vault count percentage of total count
                 A         B        C        D         E       F
            +---------+---------+-------+---------+---------+-------
      Total |  665620 |  470456 |  41.4 |    1492 |     615 |  29.2
            +---------+---------+-------+---------+---------+-------
        D:1 |      37 |       0 |   0.0 |      20 |       0 |   0.0
        D:2 |     116 |      10 |   7.9 |      21 |       2 |   8.7
        D:3 |     326 |       0 |   0.0 |      19 |       0 |   0.0
        D:4 |     273 |       4 |   1.4 |      22 |       2 |   8.3
        D:5 |     850 |     262 |  23.6 |      24 |       1 |   4.0
        D:6 |     514 |      90 |  14.9 |      18 |       1 |   5.3
        D:7 |    1050 |       0 |   0.0 |      28 |       0 |   0.0
        D:8 |    1119 |     210 |  15.8 |      32 |       2 |   5.9
        D:9 |    1693 |    1765 |  51.0 |      27 |      11 |  28.9
       D:10 |    1443 |    6078 |  80.8 |      11 |      21 |  65.6
       D:11 |    3999 |    1767 |  30.6 |      24 |      21 |  46.7
       D:12 |    3451 |    3860 |  52.8 |      36 |      21 |  36.8
       D:13 |    5599 |     974 |  14.8 |      26 |       1 |   3.7
       D:14 |    4749 |    6958 |  59.4 |      15 |       7 |  31.8
       D:15 |   18643 |    6516 |  25.9 |      44 |       8 |  15.4
     Lair:1 |    3213 |    1160 |  26.5 |      14 |       5 |  26.3
     Lair:2 |    5281 |       0 |   0.0 |      22 |       0 |   0.0
     Lair:3 |    3071 |      88 |   2.8 |      17 |       1 |   5.6
     Lair:4 |    5181 |    1568 |  23.2 |      25 |       2 |   7.4
     Lair:5 |    7920 |     242 |   3.0 |      36 |       5 |  12.2
     Lair:6 |   15295 |   20028 |  56.7 |      51 |      76 |  59.8
   Shoals:1 |   20684 |       0 |   0.0 |      43 |       0 |   0.0
   Shoals:2 |   13584 |    3724 |  21.5 |      32 |       8 |  20.0
   Shoals:3 |   22384 |     503 |   2.2 |      40 |       1 |   2.4
   Shoals:4 |   25293 |   21548 |  46.0 |      44 |      33 |  42.9
    Snake:1 |    9127 |       0 |   0.0 |      17 |       0 |   0.0
    Snake:2 |   21843 |     550 |   2.5 |      39 |       1 |   2.5
    Snake:3 |   25245 |       0 |   0.0 |      47 |       0 |   0.0
    Snake:4 |   22668 |   33730 |  59.8 |      47 |      49 |  51.0
    Slime:1 |   11540 |       0 |   0.0 |      19 |       0 |   0.0
    Slime:2 |   17006 |       0 |   0.0 |      29 |       0 |   0.0
    Slime:3 |   12416 |       0 |   0.0 |      12 |       0 |   0.0
    Slime:4 |   12242 |     697 |   5.4 |      29 |       2 |   6.5
    Slime:5 |   16720 |   34419 |  67.3 |      41 |      13 |  24.1
      Orc:1 |    2962 |     151 |   4.9 |      22 |       6 |  21.4
      Orc:2 |    5533 |   16629 |  75.0 |      34 |      38 |  52.8
      Elf:1 |   10205 |   10699 |  51.2 |      17 |      16 |  48.5
      Elf:2 |   15140 |    2712 |  15.2 |      28 |       3 |   9.7
      Elf:3 |   10929 |   61708 |  85.0 |      18 |      41 |  69.5
   Vaults:1 |   27322 |   22576 |  45.2 |      40 |      32 |  44.4
   Vaults:2 |   40799 |   24392 |  37.4 |      53 |      39 |  42.4
   Vaults:3 |   30398 |   19566 |  39.2 |      55 |      17 |  23.6
   Vaults:4 |    9365 |   17523 |  65.2 |      15 |      20 |  57.1
   Depths:1 |   25608 |   15794 |  38.1 |      35 |      11 |  23.9
   Depths:2 |   61182 |   12860 |  17.4 |      81 |       9 |  10.0
   Depths:3 |   26235 |   28403 |  52.0 |      31 |      26 |  45.6
   Depths:4 |   61019 |   46610 |  43.3 |      68 |      18 |  20.9
   Depths:5 |   24348 |   37189 |  60.4 |      24 |      31 |  56.4
        Lab |       0 |    1292 | 100.0 |       0 |       1 | 100.0
 Desolation |       0 |    5601 | 100.0 |       0 |      13 | 100.0
            +---------+---------+-------+---------+---------+-------
